 Dungeon Crawl Stone Soup version 0.31-a0-431-g88bdf31460 (webtiles) character file.

Game seed: 14557211868199787989

9461 Crownlay the Thaumaturge (level 11, -14/54 HPs)
             Began as a Deep Elf Earth Elementalist on July 31, 2023.
             Was an Initiate of Gozag.
             Shot with an arrow by a centaur warrior (17 damage)
             ... on level 9 of the Dungeon.
             The game lasted 00:31:38 (11257 turns).

Crownlay the Thaumaturge (DEEE)                    Turns: 11257, Time: 00:31:38

Health: -14/54     AC:  6    Str: 10    XL:     11   Next: 23%
Magic:  24/31      EV: 12    Int: 25    God:    Gozag
Gold:   181        SH:  0    Dex: 15    Spells: 30/39 levels left

rFire   + + +        C - +1 war axe "Buschon" {pain, rF+++ rC+ SInv}
rCold   + + .        (no shield)
rNeg    . . .        K - +0 robe {Will+}
rPois   .            (no helmet)
rElec   .            (no cloak)
rCorr   .            I - +0 pair of gloves
SInv    +            H - +2 pair of boots
Will    ++...        (no amulet)
Stlth   ++           u - ring "Xyssef" {rC+ Str+5}
HPRegen 0.29/turn    F - ring of wizardry
MPRegen 0.22/turn

%: wizardry (x1)
@: no status effects
A: no striking features
a: Renounce Religion, Potion Petition, Call Merchant, Bribe Branch


You were on level 9 of the Dungeon.
You worshipped Gozag.
Gozag was aware of your devotion.
You visited 2 branches of the dungeon, and saw 10 of its levels.
You also visited: Sewer.

You collected 1749 gold pieces.
You spent 465 gold pieces at shops.
You paid 1103 gold pieces to Gozag.

Inventory:

Hand Weapons
 C - the +1 war axe "Buschon" (weapon) {pain, rF+++ rC+ SInv}
   (You found it on level 8 of the Dungeon)

   rF:        It renders you almost immune to fire.
   rC:        It protects you from cold.
   SInv:      It lets you see invisible.
Missiles
 J - 2 curare-tipped darts
Armour
 H - a +2 pair of boots (worn)
 I - a +0 pair of gloves (worn)
 K - a +0 robe of willpower (worn)
Jewellery
 a - a ring of protection from cold
 u - the ring "Xyssef" (left hand) {rC+ Str+5}
   (You found it in a sewer)

   [ring of protection from cold]

   Str:       It affects your strength (+5).
   rC:        It protects you from cold.
 F - a ring of wizardry (right hand)
Wands
 m - a wand of iceblast (16)
 n - a wand of digging (8)
 o - a wand of charming (11)
 y - a wand of polymorph (9)
 D - a wand of flame (15)
 G - a wand of acid (6)
Scrolls
 c - 3 scrolls of enchant weapon
 d - 2 scrolls of revelation
 e - 3 scrolls of poison
 g - a scroll of silence {unknown}
 j - 6 scrolls of torment
 l - a scroll of fear {unknown}
 p - 2 scrolls of teleportation
 q - a scroll of amnesia {unknown}
 r - a scroll of fog
 s - a scroll of brand weapon {unknown}
 t - a scroll of blinking {unknown}
 x - 2 scrolls of vulnerability
 A - 2 scrolls of enchant armour {unknown}
 B - a scroll of immolation {unknown}
 L - a scroll of noise {unknown}
Potions
 b - a potion of magic
 f - 2 potions of curing {unknown}
 h - 3 potions of brilliance
 i - a potion of berserk rage {unknown}
 v - a potion of might {unknown}
 w - 2 potions of enlightenment
 z - 2 potions of mutation
 E - a potion of cancellation {unknown}


   Skills:
 - Level 2.4 Dodging
 - Level 2.4 Stealth
 + Level 14.8 Spellcasting
 - Level 1.4 Conjurations
 - Level 10.0 Necromancy
 - Level 1.1 Transmutations
 - Level 12.0 Earth Magic


You had 30 spell levels left.
You knew the following spells:

 Your Spells              Type           Power      Damage    Failure   Level
a - Sandblast             Erth           100%       2d20      0%          1
b - Stone Arrow           Conj/Erth      100%       3d13      1%          3
c - Borgnjor's Vile Clut  Necr/Erth      32%        N/A       1%          5

Your spell library contained the following spells:

 Spells                   Type           Power      Damage    Failure   Level
 Apportation              Tloc           36%        N/A       1%          1
 Magic Dart               Conj           100%       1d8       1%          1
 Summon Small Mammal      Summ           72%        N/A       1%          1
 Call Imp                 Summ           36%        N/A       1%          2
 Passwall                 Tmut/Erth      41%        N/A       1%          2
 Petrify                  Tmut/Erth      50%        N/A       1%          4
 Call Canine Familiar     Summ           18%        N/A       3%          3
 Mephitic Cloud           Conj/Pois/Air  20%        N/A       3%          3
 Summon Guardian Golem    Hex/Summ       18%        N/A       3%          3
 Volatile Blastmotes      Fire/Tloc      36%        2d13      3%          3
 Fulminant Prism          Conj/Hex       11%        3d8       9%          4
 Iskenderun's Mystic Bla  Conj/Tloc      22%        2d6       9%          4
 Alistair's Intoxication  Tmut/Pois      14%        N/A       26%         5
 Eringya's Noxious Bog    Tmut/Pois      10%        4d6       78%         6


Dungeon Overview and Level Annotations

Branches:
Dungeon (9/15)             Temple (1/1) D:4            Lair (0/5) D:8
  Sewer (visited)
    Orc: D:9-12

Altars:
Ashenzari
Cheibriados
Dithmenos
Elyvilon
Fedhas
Gozag
Hepliaklqana
Kikubaaqudgha
Makhleb
Nemelex Xobeh
Okawaru
Qazlal
Ru
Sif Muna
Trog
Uskayaw
Vehumet
Wu Jian
Xom
Yredelemnul
Zin
The Shining One

Shops:
D:1 *   D:8 [   D:9 =


Message History

You feel sick.
You feel sick.
You feel sick.
You feel sick.
You are no longer poisoned.
Your extra speed is starting to run out.
You feel yourself slow down.
A wraith comes into view.
Casting: Stone Arrow (safe; 1% risk of failure)
Confirm with . or Enter, or press ? or * to list all spells.
You can't see any susceptible monsters within range! (Use Z to cast anyway.) Unknown command.
Casting: Stone Arrow (safe; 1% risk of failure)
Confirm with . or Enter, or press ? or * to list all spells.
You can't see any susceptible monsters within range! (Use Z to cast anyway.)
Casting: Stone Arrow (safe; 1% risk of failure)
Confirm with . or Enter, or press ? or * to list all spells.
Aiming: Sandblast (safe; 0% risk of failure)
Press: ? - help, Shift-Dir - straight line, f - wraith
Aim: a wraith (85% to hit)
The blast of sand hits the wraith!
The wraith is heavily damaged.
Casting: Sandblast (safe; 0% risk of failure)
Confirm with . or Enter, or press ? or * to list all spells.
Aiming: Sandblast (safe; 0% risk of failure)
Press: ? - help, Shift-Dir - straight line, f/p - wraith
Aim: a wraith (heavily damaged, 85% to hit)
The blast of sand hits the wraith!!
You destroy the wraith!
A centaur warrior comes into view.
The centaur warrior shouts!
The centaur warrior wields a +0 shortbow.
The centaur warrior shoots an arrow.
The arrow hits you!!
* * * LOW HITPOINT WARNING * * *
The centaur warrior shoots an arrow.
The arrow hits you.
* * * LOW HITPOINT WARNING * * *
As you read the scroll of fog, it dissolves into smoke.
The centaur warrior shoots an arrow.
The arrow hits you!
You die...
Your body crumbles into a pile of gold.

####### #...... #...##. #.#.##.
##### #.#.##. ########## #...#
#.#.##. #........####.§§##
#...... #.######......§§§#
#.#.##.
......#..#######@##########.#.##.
#.....#..#####.§§§§.$.........##.
#.##..#..#....§.§§.............#.
...#..##..#.##.#.....#####.....).
._........#..........#####..##.#.
...##.##..#.................##.[.
#.###.#..........................
..###.#...#...####..#.c...#~~~~~~
......#.........##..#.....≈######


You could see a centaur warrior.

Vanquished Creatures
  3 death yaks
  An ugly thing (D:9)
  An unseen horror (D:8)
  3 hornets
  A troll (D:9)
  A wraith (D:9)
  8 yaks
  Grum (D:8)
  A steam dragon (D:9)
  2 acid dragons (D:9)
  A water moccasin (D:6)
  3 sky beasts
  2 orc warriors
  An ice beast (D:6)
  4 black bears
  3 wolves (D:8)
  4 centaurs
  An ogre (D:5)
  2 phantoms
  9 kobold brigands
  3 gnoll sergeants
  8 bullfrogs
  2 scorpions
  4 wights (D:7)
  2 killer bees
  4 howler monkeys
  An electric eel (D:7)
  4 hounds
  2 orc priests (D:7)
  6 iguanas
  3 orc wizards (D:8)
  2 hell rats (D:8)
  6 gnolls
  6 river rats
  10 adders
  A shadow imp (D:6)
  3 white imps
  An ufetubus (D:5)
  5 worms
  4 dart slugs
  21 orcs
  8 ball pythons
  6 endoplasms
  5 giant cockroaches
  7 goblins
  5 hobgoblins
  7 jackals
  36 kobolds
  10 quokkas
  7 bats
  14 frilled lizards
  8 rats
263 creatures vanquished.

Notes
Turn   | Place    | Note
-------+----------+-------------------------------------------
     0 | D:1      | Crownlay the Deep Elf Earth Elementalist began the quest
                  | for the Orb.
     0 | D:1      | Reached XP level 1. HP: 10/10 MP: 6/6
   224 | D:1      | Reached XP level 2. HP: 15/15 MP: 6/8
   396 | D:1      | Found Wenwi's Assorted Antiques.
   405 | D:1      | Bought a scroll labelled GIGYEBR LIPAEV for 26 gold pieces
   509 | D:1      | Reached skill level 4 in Spellcasting
   829 | D:2      | Reached XP level 3. HP: 19/19 MP: 8/10
   833 | D:2      | Learned a level 3 spell: Stone Arrow
  1847 | D:3      | Found a basalt altar of Yredelemnul.
  1852 | D:3      | Found a sparkling altar of Nemelex Xobeh.
  1872 | D:3      | Reached skill level 5 in Spellcasting
  2101 | D:3      | Reached XP level 4. HP: 24/24 MP: 9/13
  2269 | D:3      | Found a faded altar of an unknown god.
  2864 | D:4      | Reached skill level 6 in Spellcasting
  2864 | D:4      | Reached XP level 5. HP: 28/28 MP: 7/15
  2920 | D:4      | Noticed a sky beast
  2928 | D:4      | Killed a sky beast
  2929 | D:4      | Reached skill level 7 in Spellcasting
  2929 | D:4      | Reached skill level 5 in Earth Magic
  2929 | D:4      | Reached XP level 6. HP: 27/32 MP: 0/18
  3018 | D:4      | Found a glowing drain.
  3024 | Sewer    | Entered a sewer
  3390 | Sewer    | Reached skill level 8 in Spellcasting
  3416 | Sewer    | Reached XP level 7. HP: 25/36 MP: 16/20
  3460 | Sewer    | Identified the +6 flail of Friendship {holy, Stlth+}
  3464 | Sewer    | Identified the ring "Xyssef" {rC+ Str+5}
  3771 | D:4      | Found a staircase to the Ecumenical Temple.
  3789 | Temple   | Entered the Ecumenical Temple
  3808 | Temple   | Became a worshipper of Gozag Ym Sagoz the Greedy
  4074 | D:4      | Found a snail-covered altar of Cheibriados.
  4498 | D:5      | Entered Level 5 of the Dungeon
  4541 | D:5      | Found a radiant altar of Vehumet.
  4545 | D:5      | Reached skill level 9 in Spellcasting
  4692 | D:5      | Found a stormy altar of Qazlal.
  4715 | D:5      | Reached skill level 10 in Spellcasting
  4854 | D:5      | Reached XP level 8. HP: 41/41 MP: 21/24
  5230 | D:1      | Bought a blue potion for 23 gold pieces
  5230 | D:1      | Bought a scroll labelled IDEXYF BITSESUPN for 26 gold
                  | pieces
  5230 | D:1      | Bought a scroll labelled HUFEEP MEIMATZ for 26 gold pieces
  5230 | D:1      | Bought a green potion for 23 gold pieces
  5230 | D:1      | Bought a scroll labelled LEV FOEWKEIWNI for 26 gold pieces
  5230 | D:1      | Bought a clear potion for 23 gold pieces
  5230 | D:1      | Bought 2 scrolls labelled HUFEEP MEIMATZ for 52 gold pieces
  5230 | D:1      | Bought a purple potion for 23 gold pieces
  5707 | D:5      | Reached skill level 1 in Conjurations
  6018 | D:6      | Reached skill level 1 in Necromancy
  6143 | D:6      | Learned a level 5 spell: Borgnjor's Vile Clutch
  6554 | D:6      | Found a glowing silver altar of Zin.
  6704 | D:7      | Reached XP level 9. HP: 45/45 MP: 22/25
  6866 | D:7      | Found a shimmering blue altar of Sif Muna.
  6886 | D:7      | Reached skill level 11 in Spellcasting
  7068 | D:7      | Found a white marble altar of Elyvilon.
  7068 | D:7      | Found a bloodstained altar of Trog.
  7145 | D:7      | Reached skill level 5 in Necromancy
  7539 | D:8      | Identified the +1 war axe "Buschon" {pain, rF+++ rC+ SInv}
  7720 | D:8      | Paralysed by a hornet for 1 turns
  7835 | D:8      | Noticed a death yak
  7849 | D:8      | Noticed a death yak
  7864 | D:8      | Noticed a death yak
  8078 | D:8      | Noticed an unseen horror
  8082 | D:8      | Killed an unseen horror
  8083 | D:8      | Reached skill level 10 in Earth Magic
  8097 | D:8      | Reached skill level 12 in Spellcasting
  8245 | D:8      | Found Cushruimm's Antique Armour Shop.
  8253 | D:8      | Bought a pair of runed boots for 217 gold pieces
  8326 | D:8      | Found a staircase to the Lair.
  8428 | D:8      | Noticed Grum
  8430 | D:8      | Reached XP level 10. HP: 50/50 MP: 25/28
  8440 | D:8      | Killed Grum
  9452 | D:9      | Found Nuroof's Jewellery Shop.
  9700 | D:9      | Found an iron altar of Okawaru.
  9983 | D:9      | Reached skill level 10 in Necromancy
 10058 | D:9      | Reached skill level 13 in Spellcasting
 10221 | D:8      | Killed a death yak
 10291 | D:7      | Killed a death yak
 10562 | D:8      | Killed a death yak
 10563 | D:8      | Reached skill level 14 in Spellcasting
 10563 | D:8      | Reached XP level 11. HP: 54/54 MP: 9/31
 10846 | D:8      | Found an ornate altar of the Wu Jian Council.
 11037 | D:9      | Found a burning altar of Makhleb.
 11131 | D:9      | Noticed a brown ugly thing
 11144 | D:9      | Killed a brown ugly thing
 11167 | D:9      | Paralysed by a hornet for 3 turns
 11181 | D:9      | Paralysed by a hornet for 2 turns
 11254 | D:9      | Noticed a centaur warrior
 11257 | D:9      | Shot with an arrow by a centaur warrior

Illustrated notes

Levels and vault maps discovered:
D:1:      amcnicky_arrival_wind_blow, layout_basic, serial_shops, shop
D:2:      layout_basic, kennysheep_generic_room_13
D:3:      layout_loops_corners, mainiacjoe_overflow_paths,
          mainiacjoe_overflow_surrounded_room,
          hellmonk_ecumenical_altar_crossroads
D:4:      layout_basic, lemuel_tele_altar, minmay_temple_entry_mini_moons,
          lightli_sewer_entry_pipes
D:5:      minmay_chambers_of_threes, layout_gridville,
          nicolae_vehumet_altar_sigil, nicolae_qazlal_scattered_showers
D:6:      layout_loops_cross, mainiacjoe_overflow_concentric_impassable
D:7:      layout_rooms, old_standard_altar, gammafunk_temple_overflow_elements,
          serial_bayou_pond_b
D:8:      minmay_distorted_concentric_squares, layout_gridville,
          nicolae_wu_jian_wuxing_cycle, dpeg_lair_monsters, serial_shops, shop,
          uniq_grum
D:9:      cheibrodos_ideogram_h, layout_basic, nicolae_overflow_crystal_walls,
          amcnicky_altar_gilded, serial_shops, nicolae_shop_real_fake_doors,
          corexii_checkpoint_a, nicolae_shop_sticking_my_neck_out
Temple:   hellmonk_temple_flake

Skill      XL: |  1  2  3  4  5  6  7  8  9 10 11 |
---------------+----------------------------------+-----
Spellcasting   | 4 5 6 7 8 10 12 14 | 14.8
Earth Magic    | 4 5 7 9 10 11 12 | 12.0
Conjurations   | 1 |  1.4
Necromancy     | 4 8 10 | 10.0
Dodging        | |  2.4
Stealth        | |  2.4
Transmutations | |  1.1

Action                     |  1- 3 |  4- 6 |  7- 9 | 10-12 || total
---------------------------+-------+-------+-------+-------++-------
  Melee: Unarmed           |     2 |       |       |       ||     2
         Spear             |       |     9 |       |       ||     9
         War axe           |       |       |       |     2 ||     2
   Cast: Sandblast         |    58 |    76 |   139 |    80 ||   353
         Stone Arrow       |       |     4 |    19 |     9 ||    32
         Borgnjor's Vile C |       |       |    20 |    35 ||    55
 Invoke: Potion Petition   |       |       |     1 |     2 ||     3
    Use: Scroll            |       |       |    10 |     3 ||    13
         Potion            |       |       |       |     2 ||     2
 Armour: Robe              |    15 |     4 |    13 |     9 ||    41
  Dodge: Dodged            |    24 |    17 |    37 |    32 ||   110

Table legend: (Time is in decaauts)
 A = Elapsed time spent in this place.
 B = Non-inter-level travel time spent in this place.
 C = Inter-level travel time spent in this place.
 D = Time resting spent in this place.
 E = Time spent auto-exploring this place.
 F = Levels seen in this place.
 G = Mean time per level.
                   A        B        C        D        E       F      G
               +--------+--------+--------+--------+--------+-----+--------+
         Total |  11550 |  10958 |    592 |    679 |   8182 |  11 | 1050.0 |
       Dungeon |  10770 |  10188 |    582 |    679 |   7597 |   9 | 1196.7 |
        Temple |     30 |     20 |     10 |      0 |      0 |   1 |   30.0 |
         Sewer |    749 |    749 |      0 |      0 |    584 |   1 |  749.0 |
               +--------+--------+--------+--------+--------+-----+--------+

Top non-repeatable levels by time:
     D:8: 2046 daAuts
     D:9: 1403 daAuts
     D:4: 1238 daAuts
     D:7: 1175 daAuts
     D:3: 1085 daAuts
     D:2: 1075 daAuts
     D:5: 1046 daAuts
     D:1: 919 daAuts
     D:6: 779 daAuts
   Sewer: 749 daAuts
  Temple: 30 daAuts
